 Dungeon Crawl Stone Soup version 0.20-a0-823-gdec668e (webtiles) character file.

2104 Klosterheim the Cleaver (level 9, -3/71 HPs)
             Began as a Minotaur Abyssal Knight on Mar 5, 2017.
             Was a Priest of Lugonu.
             Slain by a two-headed ogre
             ... wielding a +0 giant club
              (19 damage)
             ... on level 7 of the Dungeon.
             The game lasted 00:11:17 (5591 turns).

Klosterheim the Cleaver (Minotaur Abyssal Knight)   Turns: 5591, Time: 00:11:18

Health: -3/71      AC: 10    Str: 20    XL:     9   Next: 7%
Magic:  9/9        EV:  8    Int:  9    God:    Lugonu [***...]
Gold:   362        SH:  5    Dex: 10    Spells: 8/8 levels left

rFire    . . .     SeeInvis .   p - +0 war axe
rCold    . . .     Gourm    .   a - +0 chain mail
rNeg     . . .     Faith    .   b - +0 buckler
rPois    .         Spirit   .   (helmet restricted)
rElec    .         Reflect  .   (no cloak)
rCorr    .         Harm     .   j - +0 pair of gloves
MR       .....                  (no boots)
Stlth    ..........             (no amulet)
Regen    0.3/turn               (no ring)
MPRegen  0.2/turn               (no ring)

@: no status effects
A: retaliatory headbutt, horns 2
a: Depart the Abyss, Bend Space, Banish, Renounce Religion


You were on level 7 of the Dungeon.
You worshipped Lugonu.
Lugonu was most pleased with you.
You were not hungry.

You visited 1 branch of the dungeon, and saw 8 of its levels.
You visited the Abyss 1 time.

You collected 420 gold pieces.
You spent 58 gold pieces at shops.

Inventory:

Hand Weapons
 p - a +0 war axe (weapon)
Armour
 a - a +0 chain mail (worn)
 b - a +0 buckler (worn)
 j - a +0 pair of gloves (worn)
Scrolls
 e - 3 scrolls of magic mapping
 l - 4 scrolls of teleportation
 m - a scroll of amnesia
 w - a scroll of remove curse
Potions
 k - a potion of mutation
 n - a potion of brilliance
 r - 2 potions of ambrosia
 t - a potion of heal wounds {unknown}
 u - 2 potions of cancellation
 v - a potion of curing
Books
 s - a book of Minor Magic

   Spells                             Type                      Level
   a - Magic Dart                     Conjuration                  1
   b - Blink                          Translocation                2
   c - Call Imp                       Summoning                    2
   d - Slow                           Hexes                        2
   e - Conjure Flame                  Conjuration/Fire             3
   f - Mephitic Cloud                 Conjuration/Poison/Air       3
Comestibles
 c - 6 bread rations
 f - 7 royal jellies
 g - 4 meat rations
 h - 2 chunks of flesh
 i - 9 fruits


   Skills:
 - Level 4.0 Fighting
 + Level 12.5 Axes
 - Level 3.6 Armour
 - Level 1.1 Dodging
 - Level 5.3 Shields
 - Level 2.0 Invocations


You had 8 spell levels left.
You didn't know any spells.

Dungeon Overview and Level Annotations

Branches:
Dungeon (8/15)             Temple (0/1) D:6
   Lair: D:8-11

Altars:
Ashenzari
Fedhas
Ru
Vehumet
Zin

Shops:
D:5 :   D:7 *[


Innate Abilities, Weirdness & Mutations

You reflexively headbutt those who attack you in melee.
You have a pair of horns on your head.


Message History

You catch the helpless two-headed ogre completely off-guard!
You slash the two-headed ogre!
You kill the two-headed ogre!
Lugonu accepts your kill.
Your Axes skill gained 2 levels and is now at level 12!
You have reached level 9!
Your experience leads to an increase in your attributes!
Increase (S)trength, (I)ntelligence, or (D)exterity?
You feel stronger.
You flicker for a moment.
You flicker back into view.
There is an escape hatch in the ceiling here.
The two-headed ogre hits you with a giant club!
* * * LOW HITPOINT WARNING * * *
The two-headed ogre misses you. A mysterious force pulls you upwards.
The hatch slams shut behind you.
Your magical contamination has completely faded away.
There is a stone staircase leading up here.
The two-headed ogre hits you with a giant club!!
You die...

#.###..).....#
###
#..#.........#
#............#
#......#.....#
#.####.#.#+#.#
#.# #.#.. .#
#.# #.#####.#
#.####.O.....#
#......@..####
######...(#
#....# #....#
#....# #....#
######


You could see a two-headed ogre.

Vanquished Creatures
  A two-headed ogre (D:8)
  Grinder (D:6)
  A phantom (D:8)
  2 ogres
  A centaur (D:4)
  2 bullfrogs (D:6)
  A howler monkey (D:6)
  A bullfrog zombie (D:5)
  4 crimson imps
  2 hounds
  A jelly (D:8)
  2 orc priests
  An orc wizard (D:5)
  An iguana (D:4)
  4 worker ants
  10 adders
  7 gnolls
  2 oozes (D:3)
  2 worms
  An adder zombie (D:6)
  5 leopard geckos
  16 orcs
  4 giant cockroaches
  10 goblins
  8 hobgoblins
  12 jackals
  3 quokkas
  A ball python skeleton (D:4)
  7 bats
  2 frilled lizards (D:3)
  A jackal skeleton (D:6)
  3 kobolds (D:1)
  2 leopard gecko skeletons
  10 rats
131 creatures vanquished.

Notes
Turn   | Place    | Note
-------+----------+-------------------------------------------
     0 | Abyss:1  | Klosterheim the Minotaur Abyssal Knight began the quest for the Orb.
     0 | Abyss:1  | Reached XP level 1. HP: 19/19 MP: 1/1
    51 | Abyss:1  | Noticed a blink frog
    56 | D:1      | Escaped the Abyss
   548 | D:1      | Reached XP level 2. HP: 25/27 MP: 2/2
   553 | D:1      | Reached * piety under Lugonu
   640 | D:1      | Reached skill level 3 in Axes
  1029 | D:2      | Reached XP level 3. HP: 33/33 MP: 3/3
  1215 | D:2      | Found a blossoming altar of Fedhas.
  1470 | D:3      | Reached skill level 4 in Axes
  1496 | D:3      | Reached ** piety under Lugonu
  1553 | D:3      | Reached XP level 4. HP: 36/40 MP: 4/4
  1601 | D:3      | Reached skill level 5 in Axes
  1632 | D:3      | Found a radiant altar of Vehumet.
  1997 | D:4      | Found a sacrificial altar of Ru.
  2161 | D:4      | Reached XP level 5. HP: 46/46 MP: 5/5
  2161 | D:4      | Reached skill level 6 in Axes
  2908 | D:5      | Entered Level 5 of the Dungeon
  2916 | D:5      | Found Botif's Book Shoppe.
  2928 | D:5      | Reached skill level 7 in Axes
  2966 | D:5      | Reached XP level 6. HP: 39/52 MP: 6/6
  3002 | D:4      | Reached skill level 8 in Axes
  3177 | D:5      | Reached XP level 7. HP: 56/59 MP: 7/7
  3196 | D:5      | Reached *** piety under Lugonu
  3438 | D:5      | Found a shattered altar of Ashenzari.
  3454 | D:5      | Reached skill level 9 in Axes
  3837 | D:6      | Reached skill level 1 in Shields
  4458 | D:6      | Found a staircase to the Ecumenical Temple.
  4497 | D:6      | Reached skill level 5 in Shields
  4592 | D:6      | Noticed Grinder
  4617 | D:6      | Killed Grinder
  4617 | D:6      | Reached XP level 8. HP: 40/66 MP: 8/8
  4790 | D:6      | Reached skill level 10 in Axes
  5122 | D:7      | Found Zin's Purification Station.
  5122 | D:7      | Found a glowing silver altar of Zin.
  5155 | D:7      | Found Hanausmot's Armour Emporium.
  5163 | D:7      | Bought a +0 pair of gloves for 58 gold pieces
  5197 | D:7      | Noticed a gargoyle
  5518 | D:8      | Noticed a two-headed ogre
  5526 | D:8      | Noticed a two-headed ogre
  5533 | D:8      | Killed a two-headed ogre
  5533 | D:8      | Reached skill level 12 in Axes
  5533 | D:8      | Reached XP level 9. HP: 14/71 MP: 9/9
  5591 | D:7      | Slain by a two-headed ogre

Vault maps used:
D:1:      dpeg_arrival_lava_temple_mockup, hex_tiny
D:2:      lemuel_coloured_pillars_altar
D:3:      vehumet_crystals, first_bread
D:4:      nicolae_ru_sacrificial_ziggurat
D:5:      nicolae_ashenzari_panopticon, serial_shops, nicolae_shop_statue_plus
D:6:      minmay_temple_entry_grid, minmay_bent, uniq_grinder
D:7:      zin_purify, serial_shops, shop_fountains
D:8:      old_standard_altar, kennysheep_mini, enter_bailey_8, the_bakery,
          minmay_misc_feat_x, basic_loot_grate_trap

Skill      XL: |  1  2  3  4  5  6  7  8 |
---------------+-------------------------+-----
Invocations    | 2 |  2.0
Axes           | 3 4 5 7 8 9 12 | 12.5
Fighting       | 4 |  4.0
Armour         | 3 |  3.6
Shields        | 5 |  5.3
Dodging        | |  1.1

Action                   |  1- 3 |  4- 6 |  7- 9 || total
-------------------------+-------+-------+-------++-------
Melee: Hand axe          |    84 |       |       ||    84
       Headbutt          |     9 |     9 |    25 ||    43
       War axe           |    20 |   102 |   173 ||   295
Invok: Depart the Abyss  |     1 |       |       ||     1
  Use: Scroll            |       |       |    14 ||    14
       Potion            |       |       |     2 ||     2
 Stab: Invisible         |       |       |     6 ||     6
  Eat: Chunk             |     2 |     5 |     8 ||    15
Armor: Leather armour    |     9 |       |       ||     9
       Scale mail        |    31 |       |       ||    31
       Chain mail        |    15 |    68 |    61 ||   144
Dodge: Dodged            |    52 |    44 |    64 ||   160
Block: Buckler           |       |       |    30 ||    30
